[Event "*** SCC Grand Prix: Titled Tuesday Blitz"]
[Site "Chess.com"]
[Date "2020.08.25"]
[Round "1"]
[White "Matols"]
[Black "korbul"]
[Result "1-0"]
[WhiteElo "2259"]
[BlackElo "2549"]
[TimeControl "180+1"]
[EndTime "10:07:53 PDT"]
[Termination "Matols won on time"]

1. d4 Nf6 2. c4 e6 3. g3 d5 4. Nf3 Be7 5. Bg2 O-O 6. O-O c6 7. Qc2 Nbd7 8. Nbd2 b6 9. e4 Bb7 10. e5 Ne8 11. cxd5 exd5 12. Re1 Nc7 13. Nf1 Ne6 14.
Ne3 Re8 15. Nf5 Bf8 16. Be3 c5 17. Rad1 Rc8 18. Qa4 cxd4 19. N5xd4 Ndc5 20. Qb5 Ba6 21. Qb4 Nd3 22. Qd2 Nxe1 23. Rxe1 Bc5 24. Rd1 g6 25. b4 Nxd4 26. Nxd4 Bf8 27. Bg5 Qd7 28. Bf6 Bc4 29. Qg5 Qa4 30. Bf3 h6 31. Qf4 Bxa2 32. h4 Rc4 33. h5 Rxd4 34. Rxd4 Bb1 35. hxg6 Bxg6 36. Qh4 Qa1+ 37. Kh2 Qb2 38. Rg4 Qxf2+ 39. Bg2 d4 40. Qh5 Qc2 41. Qh4 Rc8 42. Rxd4 Qa2 43. Rg4 Rc2 44.
Qh3 Qd5 45. Rh4 Bxb4 46. Kh1 1-0

[Event "*** SCC Grand Prix: Titled Tuesday Blitz"]
[Site "Chess.com"]
[Date "2020.08.25"]
[Round "1"]
[White "mortngabriel"]
[Black "LiemLe"]
[Result "0-1"]
[WhiteElo "2445"]
[BlackElo "2932"]
[TimeControl "180+1"]
[EndTime "10:07:56 PDT"]
[Termination "LiemLe won on time"]

1. d4 Nf6 2. c4 e6 3. Nc3 Bb4 4. e3 O-O 5. Bd3 d5 6. cxd5 exd5 7. Nf3 b6 8. O-O Bb7 9. a3 Be7 10. b4 c6 11. Ne5 a5 12. b5 c5 13. a4 Re8 14.
Ba3 Bd6 15. f4 Nbd7 16. Qf3 Rc8 17. Rfc1 Nf8 18. Ne2 Ne4 19. Bxe4 dxe4 20. Qg4 cxd4 21. Bxd6 Qxd6 22. Nxd4 Rxc1+ 23. Rxc1 Qa3 24. Re1 Bc8 25.
Qh5 g6 26. Qd1 Be6 27. Nxe6 Nxe6 28. Qd7 Re7 29. Qc8+ Kg7 30. Qc4 Nc5 31. Qd4 Qxa4 32. Nc4+ f6 33. Nxb6 Qxd4 34. exd4 Nd3 35. Rb1 Nxf4 36.
Nc4 e3 37. Nxe3 Rxe3 38. b6 Re8 39. b7 Rb8 40. Kf2 Kf7 41. Ke3 Nd5+ 42. Kd3 Ke6 43. Rb5 Kd6 44. Rxa5 Rxb7 45. Ra6+ Ke7 46. Ra3 h5 47.
Ke4 Rd7 48. g3 Kf7 49. h4 Ne7 50. Ra6 Nf5 51. d5 Nxg3+ 52. Kd4 Nf5+ 53. Kc5 g5 54. hxg5 fxg5 55. Ra4 h4 56. Rg4 Kf6 57. Rg1 Rc7+ 58. Kb6 Rc2 59. Rf1 h3 60. d6 Rd2 61. Kc7 Rxd6 0-1

[Event "*** SCC Grand Prix: Titled Tuesday Blitz"]
[Site "Chess.com"]
[Date "2020.08.25"]
[Round "1"]
[White "Witik"]
[Black "Colombiano07"]
[Result "1-0"]
[WhiteElo "2665"]
[BlackElo "2327"]
[TimeControl "180+1"]
[EndTime "10:07:56 PDT"]
[Termination "Witik won on time"]

1. d4 d5 2. Bf4 Nf6 3. e3 e6 4. Nd2 Bd6 5. Bd3 O-O 6. c3 c5 7. Bxd6 Qxd6 8. f4 b6 9. Qe2 a5 10. Ngf3 Ba6 11. Bxa6 Nxa6 12. Ne5 b5 13. O-O b4 14. f5 Nc7 15. Rac1 a4 16. cxb4 cxb4 17. Rc6 Qd8 18. Rfc1 Ra7 19. Qd3 Nd7 20. Ndf3 Nxe5 21.
Nxe5 exf5 22. Qxf5 Ne6 23. Nxf7 Nxd4 24. exd4 Raxf7 25.
Qe6 Qd7 26. Qxd7 Rxd7 27. Rc7 Rff7 28. Rc8+ Rf8 29. Rxf8+ Kxf8 30. Rc5 a3 31. bxa3 bxa3 32. Ra5 Rb7 33. Rxa3 Rb2 34. h4 h5 35. Ra7 Kg8 36. Rd7 Rxa2 37. Rxd5 g6 38. Rd7 Rd2 39. Kh2 Kf8 40.
Kg3 Ke8 41. Rg7 Rxd4 42. Rxg6 Rd5 43. Rg5 Rd4 44. Rxh5 Kf7 45. Rg5 Kf6 46. Kh3 Rd1 47. g3 Rd4 48. Ra5 Rb4 49. Ra6+ Kf5 50. Ra5+ Kg6 51.
h5+ 1-0

[Event "*** SCC Grand Prix: Titled Tuesday Blitz"]
[Site "Chess.com"]
[Date "2020.08.25"]
[Round "1"]
[White "tptagain"]
[Black "ljuks68"]
[Result "1-0"]
[WhiteElo "2876"]
[BlackElo "2429"]
[TimeControl "180+1"]
[EndTime "10:07:57 PDT"]
[Termination "tptagain won by checkmate"]

1. Nf3 d5 2. b3 c5 3. e3 Nc6 4.
Bb5 Bd7 5. O-O e6 6. Bb2 Nf6 7. c4 a6 8. Bxc6 bxc6 9. Nc3 Bd6 10. Na4 Qe7 11. d3 e5 12. Qc2 O-O 13. e4 Bg4 14. Ne1 Rad8 15. f3 Be6 16. g3 Nd7 17. Ng2 f5 18. Rae1 d4 19. exf5 Bxf5 20. Bc1 Rde8 21.
Qe2 Qf6 22. Nb2 Be7 23. Rf2 Qg6 24. Qd2 h6 25. Rd1 Bg5 26. Qe2 Bf6 27. Qe1 h5 28.
Kh1 Bh3 29. Qa5 h4 30. g4 Bxg4 31. fxg4 Qxg4 32. Rg1 e4 33. Nf4 Qf5 34. Rfg2 e3 35.
Ng6 Rf7 36. Qe1 Ne5 37. Qe2 Nxg6 38. Rxg6 Be5 39. Na4 Qf2 40. R6g2 Qf5 41. Nxc5 Bxh2 42. Rxh2 Qxc5 43. Rxh4 Rf2 44. Qg4 Qe7 45. Rg2 Rf1+ 46. Rg1 Rf2 47. Rh2 Rxh2+ 48. Kxh2 e2 49. Bd2 Qe6 50. Qxg7# 1-0

[Event "*** SCC Grand Prix: Titled Tuesday Blitz"]
[Site "Chess.com"]
[Date "2020.08.25"]
[Round "1"]
[White "Alembong"]
[Black "anskam"]
[Result "1-0"]
[WhiteElo "2453"]
[BlackElo "1642"]
[TimeControl "180+1"]
[EndTime "10:07:59 PDT"]
[Termination "Alembong won on time"]

1. d4 Nf6 2. Nf3 g6 3. g3 Bg7 4. Bg2 d5 5. O-O c6 6. b3 O-O 7. c4 e6 8. Bb2 Re8 9. e3 Nbd7 10. Qe2 dxc4 11. bxc4 Nh5 12. e4 e5 13.
d5 cxd5 14. cxd5 Nb6 15. Nc3 Bg4 16. h3 Bxf3 17. Bxf3 Nf6 18. Rac1 Rc8 19. Nb1 a6 20. Rxc8 Qxc8 21. Rc1 Qd7 22. Bg2 Rc8 23. Rxc8+ Qxc8 24. Bf1 Nfd7 25. h4 Qc5 26. Bh3 Nf8 27. Ba3 Qa5 28.
Qd2 Qxd2 29. Nxd2 Nfd7 30. Nb3 Bf8 31. Bxf8 Kxf8 32. Na5 Nc5 33. f3 Ke8 34. Kf2 h5 35. Ke3 Kd8 36. f4 exf4+ 37. gxf4 Kc7 38. Kd4 Ncd7 39.
e5 Nf8 40. f5 gxf5 41. Bxf5 Ng6 42. d6+ Kb8 43. Bxg6 fxg6 44. e6 Kc8 45. Nxb7 Kxb7 46. e7 Nc8 47. e8=Q Nxd6 48. Qd7+ Kb6 49. Qxd6+ Kb5 50.
Qf6 Ka4 51. Qxg6 Ka3 52. Qxh5 Kxa2 53. Qa5+ 1-0

[Event "*** SCC Grand Prix: Titled Tuesday Blitz"]
[Site "Chess.com"]
[Date "2020.08.25"]
[Round "1"]
[White "Terao90"]
[Black "Carnivoras"]
[Result "0-1"]
[WhiteElo "2348"]
[BlackElo "2678"]
[TimeControl "180+1"]
[EndTime "10:08:00 PDT"]
[Termination "Carnivoras won on time"]

1. c4 e6 2. g3 d5 3. Bg2 Nf6 4. Nf3 c6 5. b3 Be7 6. O-O O-O 7. Bb2 b6 8. d3 Bb7 9. Nbd2 Nbd7 10. e4 dxe4 11.
dxe4 Nc5 12. e5 Nfd7 13. Qe2 a5 14. Rfd1 Qc7 15. Ne4 Nxe4 16. Qxe4 c5 17. Qg4 Rad8 18. Re1 Rfe8 19. h4 Nf8 20. h5 Rd3 21. h6 Ng6 22.
hxg7 Red8 23. Nh2 Bxg2 24. Kxg2 Rd2 25. Bc3 Rc2 26. Re3 Qc6+ 27. Kg1 a4 28. bxa4 Qxa4 29. Qe4 Rxa2 30. Rxa2 Qxa2 31. Ng4 Qa8 32. Qc2 Kxg7 33. Nf6 Bxf6 34. exf6+ Kg8 35. Rd3 e5 36. Rxd8+ Qxd8 37. Qf5 Qe8 38. Bd2 Qe6 39. Qg5 h6 40. Qxh6 Qxf6 41. Be3 Qg7 42. Qh5 Qf6 43. Qg4 Qe6 44. Qe4 Ne7 45. Qa8+ Kg7 46. Qb7 Nf5 47. Bd2 Nd4 48.
Be3 Nf5 0-1

[Event "*** SCC Grand Prix: Titled Tuesday Blitz"]
[Site "Chess.com"]
[Date "2020.08.25"]
[Round "1"]
[White "MFBerna"]
[Black "KuzubovYuriy"]
[Result "0-1"]
[WhiteElo "2426"]
[BlackElo "2860"]
[TimeControl "180+1"]
[EndTime "10:08:02 PDT"]
[Termination "KuzubovYuriy won by resignation"]

1. c4 e5 2. Nc3 Bb4 3. g3 Bxc3 4. bxc3 f5 5. Bg2 Nf6 6. d3 h6 7. Nf3 d6 8. O-O O-O 9. Rb1 Nc6 10. Nd2 Qe7 11.
e3 e4 12. d4 b6 13. f3 Na5 14. fxe4 fxe4 15. Nxe4 Nxe4 16. Rxf8+ Qxf8 17. Bxe4 Bf5 18. Qd3 Bxe4 19. Qxe4 Re8 20. Qd5+ Kh8 21. Bd2 c6 22. Qh5 Nxc4 23. Rf1 Qe7 24. Bc1 Rf8 25. Rxf8+ Qxf8 26. e4 Qe7 27. Bxh6 gxh6 28. Qxh6+ Kg8 29. Qg6+ Kf8 30. Qf5+ Qf7 31. Qc8+ Kg7 32. Qg4+ Kf6 33. e5+ dxe5 34. Qf3+ Kg7 35. Qxc6 Nd2 36. Qb5 Nf3+ 37. Kg2 Ne1+ 38. Kg1 Nf3+ 39. Kg2 exd4 40. cxd4 Ne1+ 41. Kg1 Qe7 42.
Qe5+ Qxe5 43. dxe5 Nf3+ 44. Kf2 Nxe5 45. h4 Kf6 46. Ke3 Kf5 47. Kd4 Nc6+ 48. Kd5 Nb4+ 49. Kc4 Nxa2 50. Kb5 Nc3+ 51. Ka6 Ne4 52. h5 Kg5 53. g4 Nf6 54. Kb5 Nxg4 55. Ka6 Kxh5 56. Kxa7 b5 0-1

[Event "*** SCC Grand Prix: Titled Tuesday Blitz"]
[Site "Chess.com"]
[Date "2020.08.25"]
[Round "1"]
[White "Manukyan_Artak"]
[Black "Taron_Shagbazyan"]
[Result "1/2-1/2"]
[WhiteElo "2326"]
[BlackElo "2642"]
[TimeControl "180+1"]
[EndTime "10:08:03 PDT"]
[Termination "Game drawn by repetition"]

1. e4 e5 2. Nf3 Nc6 3. d4 exd4 4. Nxd4 Qf6 5. Nxc6 Bc5 6. Qf3 dxc6 7. Bc4 Ne7 8. Nc3 Ng6 9. Be3 Bb4 10. Qxf6 gxf6 11.
f3 f5 12. O-O-O O-O 13. exf5 Bxf5 14. Ne4 Be7 15. Rhe1 Bxe4 16. fxe4 Rfd8 17. g3 a6 18. Bf4 Nxf4 19. gxf4 Kf8 20. Rxd8+ Rxd8 21. Rd1 Rxd1+ 22. Kxd1 Bc5 23. Ke2 h6 24. Kd3 Ke7 25. c3 a5 26.
e5 f6 27. Ke4 fxe5 28. fxe5 Bg1 29. h3 Bh2 30. b3 b6 31. Be2 Bg3 32. c4 Be1 33. Bg4 Bc3 34. Kf5 Bb2 35. e6 Bd4 36. Kg6 Be3 37. h4 Bf2 38. h5 Be3 39. Kf5 Bc5 40. Bf3 Be3 41. Bxc6 Bc5 42. Bf3 Be3 43. Bg4 Bg5 44. Kg6 Bd2 45. Kf5 Bc1 46. Ke5 Bg5 47. Kd5 Be3 48. Kc6 Bf4 49. c5 bxc5 50. Kxc5 Bc1 51. Kc6 Kd8 52. Kb5 Bd2 53. Bf3 Ke7 54.
Bd5 Kd6 55. Bc4 Bc3 56. a3 Bd2 57. Ka6 c5 58. Kb5 Be1 59. a4 Bb4 60. Kb6 Ke7 61.
Kc6 Ba3 62. Kb6 Bb4 63. Kc7 Bc3 64. Kc6 Bb4 65. Kd5 Ba3 66. Be2 Bb4 67. Bg4 Ba3 68.
Ke4 Bb4 69. Kf5 Bd2 70. Kg6 Bc1 71. Bh3 Bd2 72. Kf5 Bc1 73. Ke4 Bd2 74. Kd5 Bb4 75. Kc6 Ba3 76. Kb6 Bb4 77. Kb5 Kd6 78. Bg4 Ke7 79. Kc6 Ba3 80. Kd5 Bb4 81. Be2 Ba3 82. Bc4 Bb4 83. Kc6 Ba3 84. Kb6 Bb4 1/2-1/2

[Event "*** SCC Grand Prix: Titled Tuesday Blitz"]
[Site "Chess.com"]
[Date "2020.08.25"]
[Round "1"]
[White "barbara25"]
[Black "jacky72"]
[Result "1-0"]
[WhiteElo "2268"]
[BlackElo "2557"]
[TimeControl "180+1"]
[EndTime "10:08:06 PDT"]
[Termination "barbara25 won on time"]

1. e4 e5 2. Nf3 Nc6 3. Bc4 Bc5 4. b4 Bxb4 5. c3 Ba5 6. d4 exd4 7. O-O Nge7 8.
cxd4 d5 9. exd5 Nxd5 10. Ba3 Be6 11. Qb3 Qd7 12. Nbd2 Bxd2 13. Nxd2 Na5 14. Qc2 Nxc4 15. Nxc4 O-O-O 16. Ne5 Qb5 17. Rab1 Qa5 18. Qb2 Nb6 19.
Rfc1 f6 20. Nf3 Bf5 21. Ra1 Rhe8 22. Bc5 Nd5 23. a4 Nf4 24. Rd1 Re2 25. Qc1 Nd3 26. Qc4 b6 27. Rxd3 bxc5 28. Rdd1 Rc2 29. Qf7 c4 30.
Qxg7 Qa6 31. d5 Bd3 32. Nd4 Rb2 33. Nc6 Re8 34. Qxf6 Qb6 35. a5 Qb3 36. Nxa7+ Kb7 37. Qc6+ Kxa7 38. Qxe8 Qc2 39. Qf7 c3 40. Qxc7+ Ka6 41.
Qc6+ Ka7 42. Qc7+ Ka8 43. Qc8+ Ka7 44. Qd7+ Ka6 45. Qe6+ Ka7 46. Qf7+ Ka6 47. Qf6+ Ka7 48. a6 Bc4 49. Qf7+ Kb6 50. a7 Bxd5 51. Qf4 1-0

[Event "*** SCC Grand Prix: Titled Tuesday Blitz"]
[Site "Chess.com"]
[Date "2020.08.25"]
[Round "1"]
[White "fish7728"]
[Black "Natalya_Buksa"]
[Result "1-0"]
[WhiteElo "2187"]
[BlackElo "2498"]
[TimeControl "180+1"]
[EndTime "10:08:06 PDT"]
[Termination "fish7728 won by resignation"]

1. d4 d5 2. c4 e6 3. Nc3 Nf6 4. Bg5 Be7 5. cxd5 exd5 6. e3 c6 7. Bd3 Nbd7 8. Qc2 Nh5 9. Bxe7 Qxe7 10. Nf3 g6 11. O-O-O Nb6 12. Kb1 Ng7 13. e4 dxe4 14. Nxe4 O-O 15. Rhe1 Qd8 16. h4 Bg4 17. Be2 Nd5 18. Ne5 Bxe2 19. Qxe2 Qe7 20. Ng4 Ne6 21. h5 f5 22. Nh6+ Kg7 23. Nc5 Nxc5 24. Qxe7+ Nxe7 25.
Rxe7+ Kxh6 26. dxc5 Rfe8 27. Rdd7 Rxe7 28. Rxe7 b6 29. hxg6 hxg6 30. Rc7 bxc5 31. Rxc6 Re8 32. Rxc5 Kg5 33. b4 Kg4 34. Kb2 Re1 35. Rc2 Rg1 36. g3 Re1 37. a4 g5 38. b5 Kf3 39. Kb3 Rb1+ 40. Kc4 f4 41. gxf4 gxf4 42. a5 Kg2 43. Kc5 Ra1 44. a6 Rb1 45. Kc6 f3 46. Rd2 Rf1 47.
b6 axb6 48. a7 Ra1 49. Kb7 b5 50. a8=Q Rxa8 51. Kxa8 Kf1 52. Kb7 b4 53. Kb6 Ke1 54.
Rb2 Kf1 55. Kb5 1-0

[Event "*** SCC Grand Prix: Titled Tuesday Blitz"]
[Site "Chess.com"]
[Date "2020.08.25"]
[Round "1"]
[White "Caterpiller35"]
[Black "Paladin61"]
[Result "0-1"]
[WhiteElo "2340"]
[BlackElo "2672"]
[TimeControl "180+1"]
[EndTime "10:08:08 PDT"]
[Termination "Paladin61 won by checkmate"]

1. d4 Nf6 2. Bg5 c5 3. Bxf6 gxf6 4. d5 f5 5. c4 d6 6. Nc3 Bg7 7. Qc2 e6 8. e3 Nd7 9. Nge2 Nf6 10. dxe6 fxe6 11. g3 O-O 12. Bg2 Qe7 13. O-O Rb8 14.
Rad1 a6 15. a4 Rd8 16. Rd2 Bd7 17. Rfd1 Be8 18. e4 Bg6 19. Nf4 Kh8 20. Nxg6+ hxg6 21. exf5 gxf5 22. Re2 Qf7 23. Rde1 Re8 24. Qd3 Rbd8 25. Qf3 Rd7 26. Qf4 Ree7 27. Rd1 Ne8 28. Rd3 Qh5 29. Rde3 Bh6 30. Qf3 Qxf3 31. Rxf3 Nf6 32. Rd3 Kg7 33. Re1 Kf7 34. Red1 Ne8 35. Bf3 Kg6 36.
a5 Bg7 37. Na4 Bd4 38. b4 Rc7 39. Kg2 Nf6 40. Rxd4 cxd4 41. Rxd4 e5 42. Rxd6 Rxc4 43. Rb6 e4 44. Be2 Rc2 45. Bd1 Rd2 46. Nc3 e3 47.
Kf3 Rxd1 48. fxe3 Rd3 49. Na4 Rdxe3+ 50. Kg2 Re2+ 51. Kh3 Rh7# 0-1

[Event "*** SCC Grand Prix: Titled Tuesday Blitz"]
[Site "Chess.com"]
[Date "2020.08.25"]
[Round "1"]
[White "vvg2"]
[Black "johnathan113"]
[Result "1-0"]
[WhiteElo "2288"]
[BlackElo "2589"]
[TimeControl "180+1"]
[EndTime "10:08:08 PDT"]
[Termination "vvg2 won on time"]

1. d4 Nf6 2. c4 g6 3. Nc3 Bg7 4. e4 O-O 5. Nf3 d6 6. Be2 e5 7.
O-O Nbd7 8. Be3 c6 9. d5 c5 10.
Ne1 Kh8 11. Nd3 Ng8 12. g4 Bh6 13. f4 exf4 14. Nxf4 Ne5 15. Qd2 Qh4 16. Ng2 Bxe3+ 17. Qxe3 Qe7 18. h3 Bd7 19. Rf2 f6 20. Raf1 Kg7 21. Qg3 Nh6 22. Ne3 a6 23. a4 Kh8 24.
h4 Ng8 25. Kg2 Qe8 26. g5 Qe7 27. gxf6 Rxf6 28. Ng4 Bxg4 29. Bxg4 Raf8 30. Be6 Nxc4 31. Rxf6 Rxf6 32. Rxf6 Qxf6 33. Qg5 Nxb2 34. e5 Qxg5+ 35. hxg5 Nc4 36. Ne4 Nxe5 37. Nxd6 c4 38. Ne4 Nd3 39. Kg3 Ne7 40. d6 Nc6 41. Bd5 Nde5 42. Nf6 c3 43. Bb3 Kg7 44. Kf4 h6 45. Ne8+ Kh7 46. Nf6+ Kg7 47. Ne8+ Kf8 48. gxh6 c2 49. Bxc2 g5+ 50. Kg3 Kxe8 51. h7 Nf7 52. Bg6 1-0

[Event "*** SCC Grand Prix: Titled Tuesday Blitz"]
[Site "Chess.com"]
[Date "2020.08.25"]
[Round "1"]
[White "Moon_stone123"]
[Black "Efremov_Vlad"]
[Result "1-0"]
[WhiteElo "2530"]
[BlackElo "2199"]
[TimeControl "180+1"]
[EndTime "10:08:08 PDT"]
[Termination "Moon_stone123 won on time"]

1. e4 c5 2. Nf3 e6 3. d4 cxd4 4.
Nxd4 Nc6 5. Nc3 Qc7 6. g3 a6 7. Bg2 Nf6 8. O-O Bc5 9. Nb3 Ba7 10. Bf4 Ne5 11. Qe2 d6 12. Rad1 O-O 13. Bg5 Nfd7 14. Be7 Re8 15. Bxd6 Qc4 16. Qd2 b6 17. h3 Bb7 18. f4 Nc6 19. e5 b5+ 20. Kh2 a5 21. Ne4 a4 22. Nc1 Nc5 23. Nxc5 Bxc5 24. Bxc5 Qxc5 25.
Nd3 Qb6 26. c3 Rad8 27. Qe2 Na5 28. Bxb7 Qxb7 29. Nb4 Nc4 30. b3 axb3 31. axb3 Na5 32. Rxd8 Rxd8 33. Rd1 Rxd1 34. Qxd1 Qc8 35. Nc6 Nxc6 36.
Qd6 Qb7 37. h4 h6 38. h5 Na5 39. Qd8+ Kh7 40. Qxa5 Qf3 41. Qxb5 Qxc3 42. b4 Qd2+ 43. Kh3 Qb2 44. Qd3+ Kg8 45. Qd8+ Kh7 46. Qd3+ Kg8 47. b5 Qb4 48. Qd8+ Kh7 49. Qd3+ Kg8 50. Kh4 Qc5 51. Qd8+ Kh7 52. b6 Qg1 53. Qd3+ Kg8 54. Kg4 1-0

[Event "*** SCC Grand Prix: Titled Tuesday Blitz"]
[Site "Chess.com"]
[Date "2020.08.25"]
[Round "1"]
[White "pirulillo"]
[Black "Chess_Boxer123"]
[Result "0-1"]
[WhiteElo "2164"]
[BlackElo "2512"]
[TimeControl "180+1"]
[EndTime "10:08:08 PDT"]
[Termination "Chess_Boxer123 won by resignation"]

1. e4 c6 2. d4 d5 3. Nc3 dxe4 4. Nxe4 Bf5 5. Ng3 Bg6 6. h4 h6 7. Nf3 Nd7 8. h5 Bh7 9. Bd3 Bxd3 10. Qxd3 e6 11. Bd2 Ngf6 12. O-O-O Be7 13. Kb1 Qb6 14. c4 O-O-O 15. Bc3 Rhe8 16. Ne4 Nxe4 17. Qxe4 Nf6 18. Qe2 Bb4 19. Bxb4 Qxb4 20. Ne5 Qe7 21. c5 Rd5 22. Nc4 Red8 23. Nd6+ Kb8 24. Qe3 Ne8 25. Nc4 Qc7 26. Kc2 b6 27. cxb6 axb6 28. Rd3 Nd6 29. Ne5 Nf5 30. Qf4 Kb7 31. Rhd1 f6 32. Ng6 Qxf4 33.
Nxf4 Nxd4+ 34. Kb1 R5d6 35. Nxe6 Rxe6 36. Rxd4 Rxd4 37.
Rxd4 Kc7 38. Kc2 Re5 39. g4 Re2+ 40. Rd2 Re4 41. f3 Rf4 42. Rd3 f5 43. gxf5 Rxf5 44. Re3 Kd7 45. Rd3+ Ke7 46. Rc3 Rxh5 47. Rxc6 Rc5+ 48.
Rxc5 bxc5 49. Kd3 g5 50. Ke4 h5 51. a4 c4 52. Kf5 h4 53. Kg4 Kd6 54. f4 gxf4 55.
Kxf4 Kc5 56. Kg4 Kb4 57. Kxh4 Kxa4 58. Kg3 Kb3 59. Kf2 Kxb2 60. Ke2 c3 0-1

[Event "*** SCC Grand Prix: Titled Tuesday Blitz"]
[Site "Chess.com"]
[Date "2020.08.25"]
[Round "1"]
[White "Shubinkirill2003"]
[Black "Playgood28"]
[Result "1/2-1/2"]
[WhiteElo "2646"]
[BlackElo "2329"]
[TimeControl "180+1"]
[EndTime "10:08:09 PDT"]
[Termination "Game drawn by agreement"]

1. e4 e5 2. Nf3 d6 3. d4 exd4 4. Nxd4 Nf6 5. Nc3 Be7 6. Be2 O-O 7. O-O c5 8. Nf5 Bxf5 9. exf5 Nc6 10. Bf3 Qd7 11. Re1 Rfe8 12. g4 h6 13. Bf4 Nd4 14. Bg2 d5 15. Be5 Bd8 16. Bxd4 Rxe1+ 17. Qxe1 cxd4 18. Ne2 d3 19. cxd3 Bc7 20. h3 Re8 21.
Qd2 Qd6 22. Nd4 Qh2+ 23. Kf1 Bb6 24. Nf3 Qd6 25. Re1 Rxe1+ 26. Qxe1 Kf8 27. Qd2 a6 28. Ne1 Qc5 29. Nc2 Qb5 30. Qb4+ Qxb4 31. Nxb4 Bd4 32. b3 Ke7 33. Nxd5+ Nxd5 34. Bxd5 b6 35. Ke2 f6 36.
f4 Kd6 37. Bb7 a5 38. a4 Bb2 39. Kf3 Bc1 40. Ke4 Bd2 41. Bd5 Bc1 42. Bc4 Bd2 43. Kf3 Bc1 44. Kg3 Bd2 45. Kh4 Bxf4 46.
Kh5 Ke7 47. Kg6 Kf8 48. d4 Be3 49. d5 Bc5 50. h4 Bd6 51. Bb5 Bf4 52. Bd7 Bd6 53.
Be6 Bf4 54. Bc8 Bd6 55. Bd7 Bf4 56. Be6 Bd6 57. g5 hxg5 58. hxg5 fxg5 59. Kxg5 Be5 60. Bd7 Ke7 61. Bb5 Kd6 62. Bc4 Bf6+ 63. Kg6 Bd4 64.
Kf7 Bf6 65. Kg6 Bd4 66. Kg5 Bf6+ 67. Kf4 Bd4 68. Ke4 1/2-1/2

[Event "*** SCC Grand Prix: Titled Tuesday Blitz"]
[Site "Chess.com"]
[Date "2020.08.25"]
[Round "1"]
[White "Mikhail_Golubev"]
[Black "KyrgyzFighter"]
[Result "1-0"]
[WhiteElo "2643"]
[BlackElo "2305"]
[TimeControl "180+1"]
[EndTime "10:08:09 PDT"]
[Termination "Mikhail_Golubev won by checkmate"]

1. e4 e6 2. d4 d5 3. Nc3 Nf6 4.
Bg5 Be7 5. e5 Nfd7 6. h4 h6 7.
Bxe7 Qxe7 8. Qg4 O-O 9. f4 c5 10. Nf3 cxd4 11. Nxd4 Nc6 12. O-O-O Qb4 13. a3 Qb6 14.
Nxd5 exd5 15. Nf5 g6 16. Nxh6+ Kh8 17. h5 Qe3+ 18. Kb1 Ndxe5 19. Qg5 Kg7 20. Nxf7 Rxf7 21. hxg6 Nxg6 22. Bd3 Ne7 23. Bxg6 Nxg6 24. Rh6 Bf5 25. Rdh1 Rg8 26. Rh7+ Kf8 27. Qd8+ Qe8 28. Rxf7+ Kxf7 29. Rh7+ Ke6 30. Qc7 Qc6 31. Qf7+ Kd6 32. Qf6+ Be6 33. f5 Kc5 34. fxe6 Kb6 35. Qd4+ Ka6 36. Qd3+ Kb6 37.
Qd4+ Ka6 38. Qd3+ b5 39. Qd4 Qb6 40. Qxd5 Nf4 41. Qe4 Nxe6 42. Rh6 Re8 43. g4 Qd6 44. g5 Ka5 45. Rf6 Qd1+ 46. Ka2 Nc5 47. b4+ Ka4 48.
bxc5+ Ka5 49. Qb4# 1-0

[Event "*** SCC Grand Prix: Titled Tuesday Blitz"]
[Site "Chess.com"]
[Date "2020.08.25"]
[Round "1"]
[White "krasavetc"]
[Black "Kildepiotr"]
[Result "1/2-1/2"]
[WhiteElo "2310"]
[BlackElo "2626"]
[TimeControl "180+1"]
[EndTime "10:08:11 PDT"]
[Termination "Game drawn by repetition"]

1. Nf3 g6 2. d4 Bg7 3. c4 d6 4.
Nc3 Nd7 5. e4 e5 6. Be3 Ngf6 7.
Be2 O-O 8. O-O Ng4 9. Bg5 Bf6 10.
Bxf6 Ngxf6 11. Qc2 c6 12. Rad1 Qc7 13. b4 a5 14. b5 exd4 15. Nxd4 Nc5 16. Bf3 Bg4 17.
bxc6 Bxf3 18. cxb7 Bxd1 19. bxa8=N Bxc2 20. Nxc7 Bxe4 21. Nxe4 Ncxe4 22. Nc6 Kg7 23. Nxa5 Rc8 24. Nb5 Ra8 25. Nb7 Rxa2 26. N7xd6 Nxd6 27. Nxd6 Rd2 28. Nb5 Rc2 29. Nd6 Ng4 30. h3 Ne5 31. Re1 Nxc4 32. Nxc4 Rxc4 33. Re3 h5 34. Kh2 h4 35. Rf3 f5 36. Rd3 Kh6 37. Ra3 Rc2 38. Kg1 Kg5 39. Ra4 Re2 40. Rb4 Kh5 41. Ra4 Re5 42. Kh2 g5 43. f3 Re6 44. Ra5 Kg6 45. Ra8 Kf6 46. Ra7 Rd6 47. Ra5 Ke6 48. Ra4 Ke5 49. Ra5+ Rd5 50. Ra4 Rc5 51. Rb4 Rd5 52. Ra4 Rd4 53. Ra5+ Kf4 54. Rb5 g4 55. hxg4 fxg4 56. fxg4 Kxg4 57.
Rb8 Rd2 58. Rg8+ Kh5 59. Rf8 Kg4 60. Rg8+ Kh5 61. Rh8+ Kg5 62. Rg8+ Kh5 1/2-1/2

[Event "*** SCC Grand Prix: Titled Tuesday Blitz"]
[Site "Chess.com"]
[Date "2020.08.25"]
[Round "1"]
[White "Dannyyi"]
[Black "el-roedor"]
[Result "0-1"]
[WhiteElo "2278"]
[BlackElo "2640"]
[TimeControl "180+1"]
[EndTime "10:08:12 PDT"]
[Termination "el-roedor won on time"]

1. e4 c5 2. a3 g6 3. h4 h5 4. Nc3 Bg7 5. Bc4 Nc6 6. d3 e6 7. Bg5 Nge7 8. Qd2 f6 9. Bf4 d5 10. Ba2 d4 11. Nce2 e5 12. Bh2 Qd6 13. f4 Be6 14. Bxe6 Qxe6 15. Nf3 Bh6 16. O-O O-O 17. Qe1 Qg4 18. Qg3 exf4 19. Nxf4 Bxf4 20. Qxf4 Qxf4 21. Bxf4 Rad8 22. Rf2 Kg7 23. Nd2 Ne5 24. Raf1 N7c6 25. a4 b6 26. Nc4 Nxc4 27. dxc4 Rf7 28. Kh2 Re8 29. Re2 Rfe7 30. Rfe1 Re6 31. b3 Nb4 32.
Kg3 d3 33. cxd3 Nxd3 34. Rd1 Nb4 35. Rd7+ R8e7 36. Rxe7+ Rxe7 37. Kf3 Kf7 38. Bd6 Rd7 39. e5 fxe5 40. Bxe5 Nc6 41. Bf4 Rd3+ 42. Kf2 Rxb3 43. Bg5 Rb4 44. Rd2 Ke6 45. Re2+ Kf5 46. Rd2 Rxc4 47.
Rd6 Nd4 48. Rf6+ Ke4 49. Rxg6 Rxa4 0-1

[Event "*** SCC Grand Prix: Titled Tuesday Blitz"]
[Site "Chess.com"]
[Date "2020.08.25"]
[Round "1"]
[White "penguingm1"]
[Black "mattcolins2025"]
[Result "1-0"]
[WhiteElo "2989"]
[BlackElo "2449"]
[TimeControl "180+1"]
[EndTime "10:08:13 PDT"]
[Termination "penguingm1 won by checkmate"]

1. d4 Nf6 2. c4 g6 3. f3 Bg7 4. e4 d6 5. Nc3 O-O 6. Nge2 e5 7. dxe5 dxe5 8. Qxd8 Rxd8 9. Nd5 Nxd5 10. cxd5 c6 11.
Nc3 cxd5 12. Nxd5 Nc6 13. Bg5 Rf8 14. Rc1 f6 15. Be3 Rb8 16. Bc4 Kh8 17. h4 h5 18.
g4 Na5 19. Bxa7 Nxc4 20. Bxb8 Nxb2 21. Rc2 Nd3+ 22. Ke2 Nf4+ 23. Nxf4 exf4 24. gxh5 Bd7 25. Bxf4 Bb5+ 26. Kf2 gxh5 27. Rg1 Ra8 28. Rgc1 Bc6 29. Rd2 Bf8 30. Rcd1 Bc5+ 31. Be3 Be7 32. Bd4 Kh7 33. Bc3 f5 34. exf5 Bxh4+ 35. Kg2 Rg8+ 36. Kh3 Bg5 37. Rd3 Bf4 38. Be1 Rg1 39. Bf2 Rg7 40. f6 Rf7 41. Bh4 Kh6 42. Rg1 Bb5 43. Rd8 Kh7 44. Rgg8 Bc6 45. Kg2 Be3 46. Rh8+ Kg6 47. Rdg8+ Kf5 48. Rxh5+ Ke6 49. Rg7 Bd4 50. Rxf7 Kxf7 51.
Rh7+ Kg6 52. Rg7+ Kh6 53. a4 Bc5 54. Rg4 Bd5 55. Rg5 Be3 56. Rxd5 Kg6 57. Rd7 Bd4 58. Rxd4 b5 59. Rd7 bxa4 60. f7 Kf5 61. f8=Q+ Kg6 62.
Qf6+ Kh5 63. Rh7# 1-0

[Event "*** SCC Grand Prix: Titled Tuesday Blitz"]
[Site "Chess.com"]
[Date "2020.08.25"]
[Round "1"]
[White "Fischerev7"]
[Black "BeanScreen"]
[Result "0-1"]
[WhiteElo "2361"]
[BlackElo "2694"]
[TimeControl "180+1"]
[EndTime "10:08:13 PDT"]
[Termination "BeanScreen won by resignation"]

1. e4 e5 2. Bc4 Nf6 3. d3 c6 4. Nf3 d5 5. Bb3 Bb4+ 6. Bd2 Bxd2+ 7. Nbxd2 a5 8. a4 O-O 9. O-O Re8 10. Qe2 Nbd7 11. h3 Nf8 12. Rfe1 Ng6 13. Nf1 Nf4 14. Qd1 Bxh3 15. gxh3 Qd7 16. Ne3 Qxh3 17. Nh2 d4 18. Qf3 dxe3 19. fxe3 Qxf3 20. Nxf3 Ng6 21. Kg2 Re7 22.
Rg1 Kf8 23. Kf2 Rd8 24. Raf1 Nd7 25. Ke2 Nc5 26. Ng5 Nxb3 27. cxb3 Kg8 28. Rh1 h6 29. Nf3 Red7 30. d4 Re8 31. Kd3 exd4 32. exd4 Nf4+ 33.
Ke3 Nd5+ 34. Kd3 Nb4+ 35. Ke3 Rde7 36. Nd2 Rd8 37. Nf3 f5 38. e5 Red7 39. Rd1 Nc2+ 40.
Kf4 g5+ 41. Kxf5 Ne3+ 42. Ke4 Nxd1 43. Rxd1 Rf7 44. Rh1 Kg7 45. Ke3 Kg6 46. Nd2 c5 47. dxc5 Rd5 48. Nc4 Rxc5 49. Rd1 g4 50. Rd6+ Kg5 51.
Kd4 g3 52. Nd2 g2 53. Ne4+ Kh5 54. Kxc5 g1=Q+ 55. Kd5 Qd1+ 56. Ke6 Qxb3+ 57. Rd5 Kg6 58. Nd6 Re7+ 59. Kxe7 Qxd5 60. e6 h5 61. Nf7 h4 0-1